 Dungeon Crawl Stone Soup version 0.27.1-1-g398f81649c (webtiles) character file.

Game seed: 15477662621379017932

21 Descartes the Sneak (level 2, -4/16 HPs)
             Began as a Deep Elf Wanderer on Sept 20, 2021.
             Slain by a goblin (5 damage)
             ... led by Robin
             ... on level 2 of the Dungeon.
             The game lasted 00:01:26 (1162 turns).

Descartes the Sneak (Deep Elf Wanderer)             Turns: 1162, Time: 00:01:27

Health: -4/16      AC:  3    Str: 10    XL:     2   Next: 62%
Magic:  6/6        EV: 11    Int: 16    God:
Gold:   46         SH:  0    Dex: 13    Spells: 4/4 levels left

rFire    . . .     SeeInvis .   j - +2 dagger (drain)
rCold    . . .     Faith    .   (no shield)
rNeg     . . .     Spirit   .   k - +0 leather armour
rPois    .         Reflect  .   (no helmet)
rElec    .         Harm     .   (no cloak)
rCorr    .         Rampage  .   (no gloves)
Will     .....                  (no boots)
Stlth    ++........             (no amulet)
HPRegen  0.05/turn              (no ring)
MPRegen  0.10/turn              (no ring)

@: no status effects
A: no striking features
a: no special abilities


You were on level 2 of the Dungeon.
You visited 1 branch of the dungeon, and saw 2 of its levels.

You collected 46 gold pieces.

Inventory:

Hand Weapons
 a - a +2 dagger
 d - a +0 short sword
 j - a +2 dagger of draining (weapon)
Missiles
 f - 28 sling bullets
 g - 22 arrows
 i - 32 stones (quivered)
Armour
 e - a +0 robe
 k - a +0 leather armour (worn)
Scrolls
 b - a scroll of blinking
 h - a scroll of holy word {unknown}
 l - a scroll of identify {unknown}
Potions
 c - a potion of lignification


   Skills:
 - Level 1.5 Fighting
 - Level 2.0 Short Blades
 - Level 1.0 Throwing
 + Level 1.9 Dodging
 + Level 3.4 Stealth
 - Level 1.5 Spellcasting
 - Level 1.1 Transmutations
 - Level 1.1 Fire Magic


You had 4 spell levels left.
You didn't know any spells.
Your spell library was empty.

Dungeon Overview and Level Annotations

Branches:
Dungeon (2/15)

Altars:

Annotations:
D:2 Robin


Message History

You hear a shout!
You see here a +0 club.
Robin throws the goblin at you!
You hit the goblin.
The goblin is severely wounded.
The goblin barely misses you.
You closely miss the goblin.
The goblin is severely wounded.
The goblin closely misses you. The goblin barely misses you.
Robin roars a battlecry!
A hobgoblin comes into view.
You hit the goblin.
You kill the goblin!
The goblin closely misses you.
Robin says, "My army is invincible!"
Robin throws the goblin at you! The goblin hits you with a +0 club.
You hit the goblin but do no damage. The goblin closely misses you.
The goblin hits you with a +0 club.
You hit the goblin. You drain the goblin.
You kill the goblin!
A bat comes into view.
The goblin hits you with a +0 club.
* * * LOW HITPOINT WARNING * * *
A goblin comes into view. It is wielding a +0 dagger.
Robin throws the goblin at you! The goblin barely misses you.
You hit the goblin.
You kill the goblin!
The goblin hits you but does no damage. Robin throws the goblin at you!
You hit the goblin.
The goblin is severely wounded.
The goblin hits you with a +0 club.
* * * LOW HITPOINT WARNING * * *
The goblin misses you.
Your leather armour prevents you from hitting the goblin.
The goblin is severely wounded.
Robin flexes a bicep menacingly.
The goblin hits you with a +0 club.
* * * LOW HITPOINT WARNING * * *
The goblin hits you with a +0 club.
You die...

... #.#
#####.#######
#...........#
#.###<#####.#
#.### #...#
###g# #@# #g#
#g#


bgg ..gg. #.....g .......# ####.##.. #.# ### You could see Robin, 2 hobgoblins,
4 goblins and a bat.

Vanquished Creatures
  A ball python (D:1)
  2 endoplasms (D:1)
  A giant cockroach (D:1)
  5 kobolds (D:1)
  A quokka (D:1)
  2 frilled lizards (D:1)
  5 goblins
  3 rats (D:1)
20 creatures vanquished.

Notes
Turn   | Place    | Note
-------+----------+-------------------------------------------
     0 | D:1      | Descartes the Deep Elf Wanderer began the quest for the
                  | Orb.
     0 | D:1      | Descartes set off with the following items: a +2 dagger, a
                  | scroll of blinking, a potion of lignification, a +0 short
                  | sword, a +0 robe
     0 | D:1      | Reached XP level 1. HP: 12/12 MP: 5/5
   260 | D:1      | Reached skill level 1 in Dodging
   312 | D:1      | Found a faded altar of an unknown god.
   408 | D:1      | Reached skill level 3 in Stealth
   617 | D:1      | Reached XP level 2. HP: 15/16 MP: 6/6
  1151 | D:2      | Noticed Robin
  1162 | D:2      | Slain by a goblin

Illustrated notes

Levels and vault maps discovered:
D:1:      dpeg_arrival_chambers_temple_mockup, layout_basic,
          shapermc_ecumenical_altar_acropolis, hangedman_decor_growths
D:2:      minmay_recursive_quarters, layout_loops_ring,
          hangedman_abyss_or_decor_lesser_grid, hex_medium,
          amcnicky_mini_pool_small, uniq_crazy_yiuf_cottage, uniq_robin,
          uniq_natasha

Skill      XL: |  1 |
---------------+----+-----
Dodging        | 1 |  1.9
Stealth        | 3 |  3.4
Fighting       | |  1.5
Short Blades   | |  2.0
Throwing       | |  1.0
Spellcasting   | |  1.5
Transmutations | |  1.1
Fire Magic     | |  1.1

Action                   || total
-------------------------++-------
Melee: Dagger            ||    51
 Stab: Sleeping          ||     5
Armor: Robe              ||     7
       Leather armour    ||     4
Dodge: Dodged            ||    28
